 Dungeon Crawl Stone Soup version 0.28-a0-1117-g0bdd5ba030 (webtiles) character file.

Game seed: 15258482144403143009

3308 hazymike the Fighter (level 10, -2/110 HPs)
             Began as an Ogre Fighter on Dec 11, 2021.
             Was an Elder of Okawaru.
             Slain by a wolf spider zombie (9 damage)
             ... on level 7 of the Dungeon.
             The game lasted 01:04:20 (12805 turns).

hazymike the Fighter (Ogre Fighter)                Turns: 12805, Time: 01:04:21

Health: -2/110     AC:  3    Str: 31 (32) XL:     10   Next: 1%
Magic:  13/13      EV:  7    Int:  7 (9)  God:    Okawaru [****..]
Gold:   515        SH: 11    Dex:  7 (8)  Spells: 9/9 levels left

rFire   . . .      SeeInvis .   a - +2 whip (elec)
rCold   . . .      Faith    .   c - +0 kite shield
rNeg    . . .      Spirit   .   u - +0 robe
rPois   .          Reflect  +   (helmet restricted)
rElec   .          Harm     .   (no cloak)
rCorr   .          Rampage  .   (gloves unavailable)
Will    +....                   (boots unavailable)
Stlth   +.........              D - amulet of reflection
HPRegen 0.28/turn               v - +6 ring of strength
MPRegen 0.13/turn               (no ring)

@: no status effects
A: large, unfitting armour, tough skin 1, low mp 1, devolution 1
a: Renounce Religion, Heroism, Finesse


You were on level 7 of the Dungeon.
You worshipped Okawaru.
Okawaru was greatly pleased with you.
You visited 1 branch of the dungeon, and saw 7 of its levels.
You also visited: Sewer.

You collected 515 gold pieces.

Inventory:

Hand Weapons
 a - a +2 whip of electrocution (weapon)
 w - a +1 vorpal trident
Missiles
 f - 356 stones
 n - 20 poisoned darts (quivered)
 q - 3 boomerangs
 A - a throwing net
Armour
 c - a +0 kite shield (worn)
 u - a +0 robe (worn)
Magical Staves
 b - a staff of poison
Jewellery
 j - a ring of ice
 t - a ring of flight
 v - a +6 ring of strength (left hand)
 y - the ring of Buvoredd {Ice rPois Int+5 Dex-4}
   (You found it in a sewer)

   [ring of ice]

   It enhances your ice magic.
   Int:       It affects your intelligence (+5).
   Dex:       It affects your dexterity (-4).
   rF:        It makes you vulnerable to fire.
   rC:        It protects you from cold.
   rPois:     It protects you from poison.
 D - an amulet of reflection (around neck)
Wands
 E - a wand of mindburst (23)
Scrolls
 e - 2 scrolls of vulnerability {unknown}
 g - 4 scrolls of identify
 h - 4 scrolls of teleportation
 i - 2 scrolls of amnesia
 l - a scroll of noise {unknown}
 o - a scroll of enchant armour {unknown}
 r - 4 scrolls of immolation
 s - 2 scrolls of magic mapping {unknown}
 G - a scroll of acquirement {unknown}
 H - a scroll of blinking {unknown}
Potions
 d - a potion of might
 k - 2 potions of degeneration
 m - 2 potions of mutation
 p - a potion of cancellation
 x - 5 potions of flight
 z - a potion of resistance {unknown}
 B - a potion of invisibility {unknown}
 F - a potion of curing


   Skills:
 + Level 9.9 Fighting
 * Level 9.2 Maces & Flails
 - Level 2.6 Dodging
 - Level 2.6 Shields
 + Level 7.2 Invocations


You had 9 spell levels left.
You didn't know any spells.
Your spell library contained the following spells:

 Spells                   Type           Power      Damage    Failure   Level
 Scorch                   Fire           0%         2d5       95%         2
 Flame Wave               Conj/Fire      0%         2d4       100%        4
 Passage of Golubria      Tloc           0%         N/A       100%        4
 Silence                  Hex/Air        0%         N/A       100%        5
 Lehudib's Crystal Spear  Conj/Erth      0%         10d2      100%        8
 Summon Cactus Giant      Summ           Unusable   N/A       N/A         6

Dungeon Overview and Level Annotations

Branches:
Dungeon (7/15)             Temple (0/1) D:5           Sewer (visited)

Altars:
Okawaru
Wu Jian
Yredelemnul


Innate Abilities, Weirdness & Mutations

You are too large for most types of armour.
You have tough skin. (AC +1)
Your magical capacity is low. (-10% MP)
You have hidden genetic defects.


Message History

You block the hellwing's attack.
The hellwing hits you but does no damage.
The hellwing hits you.
* * * LOW HITPOINT WARNING * * *
The hellwing hits you.
* * * LOW HITPOINT WARNING * * *
It was a potion of degeneration.
There was something very wrong with that liquid.
You feel weakened.
You feel dopey.
You feel clumsy.
Your surroundings suddenly seem different.
Found a book of the Moon.
You pick up a book of the Moon and begin reading...
You add the spells Passage of Golubria, Silence and Lehudib's Crystal Spear to your library.
You start resting.
A wolf spider zombie comes into view.
You hit the wolf spider zombie.
Lightning courses through the wolf spider zombie!
The wolf spider zombie is lightly damaged.
The wolf spider zombie hits you!
* * * LOW HITPOINT WARNING * * *
You block the wolf spider zombie's attack.
You whack the wolf spider zombie!
The wolf spider zombie is moderately damaged.
You block the wolf spider zombie's attack. x2
You hit the wolf spider zombie.
Lightning courses through the wolf spider zombie!!
The wolf spider zombie is heavily damaged.
The wolf spider zombie hits you!
* * * LOW HITPOINT WARNING * * *
The wolf spider zombie bites you.
* * * LOW HITPOINT WARNING * * *
It was a potion of curing.
You feel better.
The wolf spider zombie barely misses you.
You block the wolf spider zombie's attack.
You whack the wolf spider zombie!
The wolf spider zombie is heavily damaged.
The wolf spider zombie hits you!
* * * LOW HITPOINT WARNING * * *
The wolf spider zombie bites you!
You die...

#........
##.......
#........
#....#
#....# ≈
#....####..
#..........
##.Z.......
##@.....##
########


You could see a wolf spider zombie.

Vanquished Creatures
  Pikel (D:7)
  A water moccasin (D:7)
  Edmund (D:5)
  2 ice beasts
  2 ogres
  A centaur (D:5)
  2 phantoms (D:6)
  2 lemures (D:7)
  3 bullfrogs
  A wyvern skeleton (D:6)
  3 water moccasin skeletons (D:6)
  A wight (D:6)
  A howler monkey (D:6)
  A bullfrog zombie (D:5)
  5 orc priests
  A centaur zombie (D:5)
  6 hounds
  A bullfrog skeleton (D:5)
  A gnoll shaman (D:5)
  2 jellies
  3 iguanas
  2 merfolk sirens (Sewer)
  10 orc wizards
  Natasha (thrice) (D:2)
  A scorpion zombie (D:5)
  A merfolk avatar (Sewer)
  A killer bee zombie (D:6)
  28 gnolls
  7 adders
  2 river rats (Sewer)
  2 shadow imps (D:7)
  A white imp (D:6)
  An ufetubus (D:5)
  An adder skeleton (D:4)
  3 worms
  3 dart slugs
  37 orcs
  8 ball pythons
  8 bats
  8 endoplasms
  6 giant cockroaches
  7 goblins
  4 hobgoblins
  21 jackals
  4 kobolds
  2 quokkas (D:2)
  5 frilled lizards
  25 rats
242 creatures vanquished.

Vanquished Creatures (others)
  5 plants (D:3)
  10 withered plants (D:7)
15 creatures vanquished.

Grand Total: 257 creatures vanquished

Notes
Turn   | Place    | Note
-------+----------+-------------------------------------------
     0 | D:1      | hazymike the Ogre Fighter began the quest for the Orb.
     0 | D:1      | Reached XP level 1. HP: 24/24 MP: 1/1
   308 | D:1      | Found a faded altar of an unknown god.
   314 | D:1      | Prayed at the altar of an unknown god.
   314 | D:1      | Became a worshipper of Warmaster Okawaru
   314 | D:1      | Reached * piety under Okawaru
   341 | D:1      | Reached XP level 2. HP: 29/32 MP: 2/2
  1261 | D:1      | Reached XP level 3. HP: 37/40 MP: 3/3
  1514 | D:2      | Noticed Natasha
  1524 | D:2      | Killed Natasha
  1855 | D:2      | Reached skill level 1 in Invocations
  1855 | D:2      | Reached XP level 4. HP: 49/49 MP: 4/4
  1974 | D:2      | Noticed Natasha
  2080 | D:2      | Killed Natasha
  2183 | D:2      | Reached skill level 5 in Fighting
  2571 | D:2      | Found a basalt altar of Yredelemnul.
  2689 | D:3      | Reached XP level 5. HP: 57/57 MP: 6/6
  2716 | D:2      | Noticed Natasha
  2746 | D:2      | Killed Natasha
  3396 | D:2      | Reached XP level 6. HP: 63/66 MP: 7/7
  4147 | D:3      | Reached ** piety under Okawaru
  5031 | D:3      | Reached XP level 7. HP: 75/75 MP: 9/9
  5172 | D:3      | Reached skill level 5 in Maces & Flails
  7322 | D:4      | Reached XP level 8. HP: 86/87 MP: 11/11
  8301 | D:5      | Entered Level 5 of the Dungeon
  8496 | D:5      | Found a glowing drain.
  8517 | Sewer    | Entered a sewer
  8743 | Sewer    | Reached skill level 5 in Invocations
  8957 | Sewer    | Identified the ring of Buvoredd {Ice rPois Int+5 Dex-4}
  9455 | D:5      | Reached *** piety under Okawaru
  9956 | D:5      | Found a staircase to the Ecumenical Temple.
 10244 | D:5      | Found an ornate altar of the Wu Jian Council.
 10276 | D:5      | Reached XP level 9. HP: 66/97 MP: 13/13
 10594 | D:6      | Noticed Edmund
 10607 | D:5      | Killed Edmund
 12712 | D:7      | Reached **** piety under Okawaru
 12718 | D:7      | Noticed Pikel
 12722 | D:7      | Noticed a hellwing
 12731 | D:7      | Killed Pikel
 12732 | D:7      | Reached XP level 10. HP: 83/110 MP: 15/15
 12752 | D:7      | Gained mutation: Your magical capacity is low. (-10% MP)
                  | [potion of mutation]
 12752 | D:7      | Gained mutation: You have hidden genetic defects. [potion
                  | of mutation]
 12805 | D:7      | Slain by a wolf spider zombie

Illustrated notes

Levels and vault maps discovered:
D:1:      erik_arrival_cave_to_civilisation [erik_arrival_cave_to_hall],
          layout_loops_corners, hellmonk_ecumenical_altar_run_dry
D:2:      layout_basic, basic_altar, columned_hall_lemuel, minivault_23,
          uniq_natasha
D:3:      lemuel_castle_with_subvaults [lemuel_castle_interior_carwin_3],
          layout_basic, serial_rivers, chequers_serial_rivers_micro_a,
          chequers_serial_rivers_micro_b, chequers_serial_rivers_micro_a,
          chequers_serial_rivers_micro_b
D:4:      layout_basic, palyth_stone_intersect, grunt_ministairs_12
D:5:      layout_loops_ring, nzn_wu_jian_council_hall,
          minmay_temple_entry_arrows, portal_sewer_entry_d
D:6:      layout_basic, uniq_edmund
D:7:      cheibrodos_grave_circle, layout_rooms, serial_rivers,
          chequers_serial_rivers_room_b, chequers_serial_rivers_micro_b,
          chequers_serial_rivers_marsh, chequers_serial_rivers_large_a,
          uniq_pikel

Skill      XL: |  1  2  3  4  5  6  7  8  9 |
---------------+----------------------------+-----
Maces & Flails | 2 3 4 6 7 9 |  9.2
Invocations    | 1 2 3 4 5 7 |  7.2
Fighting       | 5 6 7 8 9 |  9.9
Dodging        | |  2.6
Shields        | |  2.6

Action                   |  1- 3 |  4- 6 |  7- 9 | 10-12 || total
-------------------------+-------+-------+-------+-------++-------
Melee: Flail             |   107 |   257 |    62 |       ||   426
       Whip              |       |       |   410 |    13 ||   423
       Staff             |       |       |    44 |       ||    44
Throw: Stone             |    38 |       |     5 |       ||    43
       Dart              |     3 |    51 |    45 |       ||    99
       Boomerang         |       |       |   102 |       ||   102
Invok: Heroism           |     1 |     3 |     5 |       ||     9
  Use: Potion            |       |       |     2 |     3 ||     5
       Scroll            |       |       |     4 |     1 ||     5
 Stab: Sleeping          |     1 |       |     1 |       ||     2
Armor: Robe              |    29 |    69 |    77 |     3 ||   178
Dodge: Dodged            |    49 |    98 |   128 |     8 ||   283
Block: Kite shield       |    45 |   111 |   189 |    25 ||   370
       Reflection        |       |       |     2 |       ||     2

Table legend: (Time is in decaauts)
 A = Elapsed time spent in this place.
 B = Non-inter-level travel time spent in this place.
 C = Inter-level travel time spent in this place.
 D = Time resting spent in this place.
 E = Time spent auto-exploring this place.
 F = Levels seen in this place.
 G = Mean time per level.
                   A        B        C        D        E       F      G
               +--------+--------+--------+--------+--------+-----+--------+
         Total |  13114 |  12489 |    625 |   4845 |   4795 |   8 | 1639.2 |
       Dungeon |  12144 |  11519 |    625 |   4754 |   4231 |   7 | 1734.9 |
         Sewer |    969 |    969 |      0 |     91 |    564 |   1 |  969.0 |
               +--------+--------+--------+--------+--------+-----+--------+

Top non-repeatable levels by time:
     D:3: 3947 daAuts
     D:2: 2010 daAuts
     D:6: 1727 daAuts
     D:1: 1555 daAuts
     D:5: 1347 daAuts
     D:4: 1178 daAuts
   Sewer: 969 daAuts
     D:7: 378 daAuts
